 Dungeon Crawl Stone Soup version 5.2-56-g927a965 (console) character file.

9 prospero the Archer (level 9, -3/79 HPs) *CASUAL*
             Began as a Minotaur Hunter on Mar 5, 2018.
             Was a Priest of Makhleb.
             Killed from afar by an electric eel (9 damage)
             ... with a bolt of electricity
             ... on level 5 of the Dungeon.
             The game lasted 00:09:43 (4221 turns).

prospero the Archer (Minotaur Hunter)               Turns: 4221, Time: 00:09:43

Health: -3/79      AC: 16 (39%)Str: 26  XL:     9   Next: 33%
Magic:  8/8        EV:  8    Int: 18    God:    Makhleb [3*[76]]
Gold:   301        SH:  0    Dex: 10    Spells: 8/8 levels left

rFire    . . .     SeeInvis .   a - +1 shortbow
rCold    . . .     Faith    .   (shield currently unavailable)
rNeg     . . .     Spirit   .   x - +0 plate armour
rPois    .         Reflect  .   (helmet restricted)
rElec    .         Clarity  +   i - +0 cloak
rCorr    .                      (no gloves)
MR       +....                  C - +0 pair of boots
Stlth    ..........             (no amulet)
Regen    0.3/turn               f - +5 ring of intelligence
MPRegen  0.2/turn               (no ring)

@: mighty, brilliant
A: retaliatory headbutt, horns 2, clarity, magic resistance 1
a: Minor Destruction, Lesser Servant of Makhleb, Renounce Religion


You were on level 5 of the Dungeon.
You worshipped Makhleb.
Makhleb was most pleased with you.
You were not hungry.

You visited 1 branch of the dungeon, and saw 5 of its levels.

You collected 301 gold pieces.

Inventory:

Hand Weapons
 a - a +1 shortbow (weapon)
 b - a +0 dagger
 o - a +0 long sword
 A - a +0 trident
Missiles
 d - 56 arrows (quivered)
 h - 2361 stones
 q - 204 poisoned darts
 y - 109 javelins
 B - 88 bolts
Armour
 i - a +0 cloak (worn)
 n - a +2 scale mail of poison resistance
 x - a +0 plate armour (worn)
 C - a +0 pair of boots (worn)
Jewellery
 f - a +5 ring of intelligence (left hand)
Wands
 z - a wand of iceblast (6)
Scrolls
 g - a scroll of amnesia
 m - a scroll of blinking
 p - a scroll of teleportation
 r - 2 scrolls of enchant weapon
 s - a scroll of fog
 v - a scroll of fear
Potions
 c - 3 potions of resistance
 e - 3 potions of curing
 j - a potion of flight
 l - a potion of magic
 t - a potion of haste
 u - a potion of invisibility
 D - a potion of ambrosia
 E - a potion of mutation


   Skills:
 + Level 7.4 Fighting
 + Level 10.6 Bows
 + Level 8.1 Armour
 - Level 2.1 Dodging
 - Level 0.7 Stealth


You had 8 spell levels left.
You didn't know any spells.

Dungeon Overview and Level Annotations

Branches:
Dungeon (5/15)

Altars:
Cheibriados
Dithmenos
Gozag
Makhleb
Sif Muna
Trog
Vehumet
Zin


Innate Abilities, Weirdness & Mutations

You reflexively headbutt those who attack you in melee.
You have a pair of horns on your head.
You possess an exceptional clarity of mind.
You are resistant to hostile enchantments. (MR+)


Message History

You feel very mighty all of a sudden.
You feel clever all of a sudden.
The electric eel shoots out a bolt of lightning at you!
The bolt of electricity hits you!
That hurt (11)!
The bolt of electricity hits you!
That hurt (3)!
The electric eel shoots out a bolt of lightning at you!
The bolt of electricity hits the electric eel (0).
The electric eel completely resists.
The bolt of electricity hits you!
That hurt (9)!
* * * LOW HITPOINT WARNING * * *
The electric eel shoots out a bolt of lightning at you!
The bolt of electricity hits the electric eel (0).
The electric eel completely resists.
The bolt of electricity hits you!
That hurt (12)!
* * * LOW HITPOINT WARNING * * *
You are too injured to fight recklessly!
Firing (i - inventory. (,) - cycle):
d - 57 arrows (quivered)
Press: ? - help, Shift-Dir - straight line, f/p - electric eel
Aim: an electric eel (severely wounded)
You shoot an arrow. The arrow misses the electric eel (0).
The electric eel shoots out a bolt of lightning at you!
The bolt of electricity hits you!
That hurt (9)!
You die...

#.##≈≈[≈≈######.### #.######
#.##≈≈$..##≈≈≈##≈# #.......
#.##(≈P≈[#≈≈?;;#≈###
########
#..#P..PP#≈($.≈#≈#>##
####.....#..P..#≈#..##
#.≈.PP#≈##..# #
#.....#.#...# ##### #..####
....#.#.#.# #....
#...≈≈##'..##.#.#.# #.###
#≈.;####.###..# #.#
###;;@≈≈###.#.# #.#
#######..##.# #)# #.#
##.##.## #.# #.#
##.##..###)### #.#
##.#...........
#.####.###..)..#.##.
#...................
#.#######.#####......).#.##.
#.##......# #...#...#..##.
#.##.####.# ##..##.##.###.
#.##.# #.# #..#####.###.


You could see 3 electric eels.

Vanquished Creatures
  An orc warrior (D:5)
  An ice beast (D:5)
  A black bear (D:5)
  An ogre (D:5)
  A wyvern zombie (D:5)
  2 scorpions
  2 howler monkeys
  A centaur zombie (D:5)
  Crazy Yiuf (D:2)
  An orc priest (D:5)
  A jelly (D:5)
  A hound (D:5)
  4 orc wizards (D:5)
  A bullfrog skeleton (D:5)
  A centaur skeleton (D:5)
  Jessica (D:2)
  5 worker ants
  An iguana (D:4)
  A hound skeleton (D:5)
  3 gnolls (D:5)
  5 adders
  A howler monkey skeleton (D:4)
  A shadow imp (D:5)
  An ooze (D:2)
  An adder skeleton (D:4)
  A dart slug (D:2)
  14 orcs
  9 quokkas
  4 giant cockroaches
  11 goblins
  3 hobgoblins
  4 jackals (D:3)
  5 bats
  4 frilled lizards
  10 kobolds
  A quokka skeleton (D:4)
  18 rats
  2 fungi (D:2)
126 creatures vanquished.

Notes
Turn   | Place    | Note
-------+----------+-------------------------------------------
     0 | D:1      | prospero the Minotaur Hunter began the quest for the Orb.
     0 | D:1      | Reached XP level 1. HP: 18/18 MP: 0/0
    62 | D:1      | Reached XP level 2. HP: 25/25 MP: 1/1
   131 | D:1      | Reached skill level 5 in Bows
   261 | D:1      | Reached XP level 3. HP: 19/30 MP: 2/2
   641 | D:1      | Gained mutation: You possess an exceptional clarity of mind. [potion of mutation]
   641 | D:1      | Gained mutation: You are resistant to hostile enchantments. (MR+) [potion of mutation]
   662 | D:2      | Found a burning altar of Makhleb.
   672 | D:2      | Became a worshipper of Makhleb the Destroyer
   751 | D:2      | Reached skill level 6 in Bows
   835 | D:2      | Reached XP level 4. HP: 37/37 MP: 3/3
   848 | D:2      | Found a bloodstained altar of Trog.
  1077 | D:2      | Found an opulent altar of Gozag.
  1099 | D:2      | Noticed Jessica
  1112 | D:2      | Killed Jessica
  1112 | D:2      | Reached skill level 7 in Bows
  1112 | D:2      | Reached XP level 5. HP: 27/42 MP: 4/4
  1333 | D:2      | Reached * piety under Makhleb
  1470 | D:2      | Found a faded altar of an unknown god.
  1524 | D:2      | Found a glowing silver altar of Zin.
  1524 | D:2      | Noticed an angel
  1673 | D:2      | Found a runed door.
  1677 | D:2      | Noticed Crazy Yiuf
  1693 | D:2      | Killed Crazy Yiuf
  1917 | D:3      | Reached skill level 8 in Bows
  1917 | D:3      | Reached XP level 6. HP: 50/50 MP: 5/5
  2159 | D:3      | Reached skill level 9 in Bows
  2170 | D:3      | Reached XP level 7. HP: 42/56 MP: 6/6
  2321 | D:3      | Found a shadowy altar of Dithmenos.
  2379 | D:3      | Found a deep blue altar of Sif Muna.
  2791 | D:4      | Reached ** piety under Makhleb
  2791 | D:4      | Reached skill level 10 in Bows
  2828 | D:4      | Reached skill level 1 in Armour
  2932 | D:4      | Found a radiant altar of Vehumet.
  3189 | D:4      | Found a snail-covered altar of Cheibriados.
  3217 | D:5      | Entered Level 5 of the Dungeon
  3236 | D:5      | Reached XP level 8. HP: 67/67 MP: 7/7
  3284 | D:5      | Reached skill level 5 in Fighting
  3368 | D:5      | Reached skill level 5 in Armour
  3652 | D:5      | Reached XP level 9. HP: 70/78 MP: 8/8
  3872 | D:5      | Reached *** piety under Makhleb
  4221 | D:5      | Killed from afar by an electric eel

Skill      XL: |  1  2  3  4  5  6  7  8  9 |
---------------+----------------------------+-----
Bows           | 5 6 7 8 9 10 | 10.6
Armour         | 3 7 8 |  8.1
Fighting       | 4 6 7 |  7.4
Dodging        | |  2.1
Stealth        | |  0.7

Action                   |  1- 3 |  4- 6 |  7- 9 || total
-------------------------+-------+-------+-------++-------
Melee: Dagger            |    32 |    87 |       ||   119
       Headbutt          |     6 |    22 |       ||    28
 Fire: Shortbow          |    17 |    62 |   285 ||   364
  Use: Potion            |     1 |     1 |     2 ||     4
Armor: Leather armour    |     4 |       |       ||     4
       Scale mail        |     6 |    34 |       ||    40
       Plate armour      |       |       |    48 ||    48
Dodge: Dodged            |    19 |    57 |    31 ||   107
